 Dungeon Crawl Stone Soup version 0.30-a0-4-ga7cffc901d (webtiles) character file.

Game seed: 1365279928178230751

72 Setbun the Sneak (level 4, -1/25 HPs)
             Began as a Kobold Enchanter on Aug 20, 2022.
             Slain by Natasha (3 damage)
             ... on level 2 of the Dungeon.
             The game lasted 00:00:59 (1460 turns).

Setbun the Sneak (Kobold Enchanter)                 Turns: 1460, Time: 00:01:00

Health: -1/25      AC:  2    Str:  5    XL:     4   Next: 50%
Magic:  7/7        EV: 15    Int: 16    God:
Gold:   168        SH:  0    Dex: 17    Spells: 8/8 levels left

rFire   . . .      SeeInvis .    a - +1 dagger
rCold   . . .      Faith    .    (no shield)
rNeg    . . .      Spirit   .    b - +0 robe
rPois   .          Reflect  .    (no helmet)
rElec   .          Harm     .    (no cloak)
rCorr   .          Rampage  .    (no gloves)
Will    .....                    (no boots)
Stlth   ++++......               (no amulet)
HPRegen 0.08/turn                (no ring)
MPRegen 0.10/turn                (no ring)

@: no status effects
A: small, no large weapons, nightstalker 3
a: no special abilities


You were on level 2 of the Dungeon.
You visited 1 branch of the dungeon, and saw 2 of its levels.

You collected 168 gold pieces.

Inventory:

Hand Weapons
 a - a +1 dagger (weapon)
Armour
 b - a +0 robe (worn)
Scrolls
 e - 2 scrolls of teleportation {unknown}
 f - 3 scrolls of immolation {unknown}
 g - a scroll of enchant weapon {unknown}
 h - 2 scrolls of identify {unknown}
 i - a scroll of noise {unknown}
 k - 6 scrolls of butterflies {unknown}
 l - a scroll of amnesia {unknown}
 n - a scroll of blinking {unknown}
Potions
 c - 2 potions of invisibility
 d - a potion of haste {unknown}
 j - a potion of cancellation {unknown}
 m - a potion of lignification {unknown}


   Skills:
 + Level 1.0 Fighting
 * Level 3.4 Short Blades
 + Level 2.9 Dodging
 + Level 4.5 Stealth
 + Level 2.5 Spellcasting
 + Level 3.2 Hexes


You had 8 spell levels left.
You didn't know any spells.
Your spell library contained the following spells:

 Spells                   Type           Power      Damage    Failure   Level
 Ensorcelled Hibernation  Hex/Ice        14%        N/A       16%         2
 Confusing Touch          Hex            12%        N/A       16%         3
 Tukima's Dance           Hex            12%        N/A       16%         3
 Dazzling Flash           Conj/Hex       14%        N/A       30%         3
 Frozen Ramparts          Ice            4%         1d1       52%         3
 Ice Form                 Ice/Tmut       2%         N/A       89%         4
 Summon Ice Beast         Ice/Summ       2%         N/A       89%         4


Dungeon Overview and Level Annotations

Branches:
Dungeon (2/15)

Altars:

Annotations:
D:2 1 runed translucent door, Crazy Yiuf, Natasha


Innate Abilities, Weirdness & Mutations

You are small and have problems with some larger weapons.
You are completely attuned to the shadows.


Message History

No target in view!
Found a runed translucent door.
Found a hammer.
A hobgoblin comes into view.
Found a scroll labelled ISTRERU ONOGISM.
A hobgoblin is nearby!
A hobgoblin is nearby!
Natasha, Servant of Life and Death comes into view.
The helpless hobgoblin fails to defend itself.
You impale the hobgoblin!!
You kill the hobgoblin!
You closely miss Natasha.
Natasha hisses angrily.
Natasha barely misses you.
You closely miss Natasha. Natasha claws you!
You closely miss Natasha. Natasha claws you.
Natasha is nearby!
Natasha is nearby!
You don't know any spells.
Sorry, you're not good enough to have a special ability.
Unknown command.
You are too injured to fight recklessly!
You hit Natasha.
Natasha is moderately wounded.
Natasha claws you.
* * * LOW HITPOINT WARNING * * *
You hit Natasha.
Natasha is moderately wounded.
Natasha casts a spell at you. You resist with some effort.
You closely miss Natasha. Your punch misses Natasha.
Natasha is moderately wounded.
You hit Natasha.
Natasha is heavily wounded.
Natasha claws you.
* * * LOW HITPOINT WARNING * * *
You closely miss Natasha.
Natasha is heavily wounded.
Natasha claws you.
You die...

# # # ........ # ........ #
###....# .# #.h....+... ♣♣♣♣♣
#@...#... ##### ..♣.♣♣♣ ##
#.......# #...# ...♣..♣#...
#.....#.# ##...# ..♣♣♣♣.+..g
#..?..#.#####....# .♣♣ ♣♣#..)
#####.#.#...÷...## ♣♣ ##
#..#.#.......# #.#........###
######.#....#....#
##############...........#....###


You could see Natasha.

Vanquished Creatures
  Natasha (D:2)
  An adder (D:2)
  A worm (D:2)
  2 dart slugs (D:1)
  A bat (D:1)
  3 endoplasms (D:1)
  2 goblins (D:2)
  6 hobgoblins
  5 kobolds
  A quokka (D:1)
  3 ball pythons
  3 frilled lizards (D:1)
29 creatures vanquished.

Notes
Turn   | Place    | Note
-------+----------+-------------------------------------------
     0 | D:1      | Setbun the Kobold Enchanter began the quest for the Orb.
     0 | D:1      | Reached XP level 1. HP: 10/10 MP: 3/3
    58 | D:1      | Reached XP level 2. HP: 15/15 MP: 5/5
   309 | D:1      | Found a faded altar of an unknown god.
   543 | D:1      | Reached XP level 3. HP: 20/20 MP: 6/6
   917 | D:2      | Noticed Natasha
   927 | D:2      | Killed Natasha
   928 | D:2      | Reached XP level 4. HP: 21/24 MP: 7/7
  1016 | D:2      | Reached skill level 1 in Fighting
  1358 | D:2      | Found a runed translucent door.
  1361 | D:2      | Noticed Crazy Yiuf
  1447 | D:2      | Noticed Natasha
  1460 | D:2      | Slain by Natasha

Illustrated notes

Levels and vault maps discovered:
D:1:      dpeg_arrival_simpleton_c, layout_rooms,
          chequers_ecumenical_altar_simple, serial_bayou_pond_c,
          patterned_corridor
D:2:      layout_basic, guppyfry_early_lair_pool, uniq_natasha,
          uniq_crazy_yiuf_cottage

Skill      XL: |  1  2  3  4 |
---------------+-------------+-----
Short Blades   | 2 3 |  3.4
Fighting       | 1 |  1.0
Dodging        | |  2.9
Stealth        | |  4.5
Spellcasting   | |  2.5
Hexes          | |  3.2

Action                   |  1- 3 |  4- 6 || total
-------------------------+-------+-------++-------
Melee: Dagger            |    42 |    29 ||    71
       Punch             |     1 |       ||     1
 Stab: Sleeping          |    15 |     3 ||    18
Armor: Robe              |     2 |     7 ||     9
Dodge: Dodged            |    10 |    20 ||    30

Table legend: (Time is in decaauts)
 A = Elapsed time spent in this place.
 B = Non-inter-level travel time spent in this place.
 C = Inter-level travel time spent in this place.
 D = Time resting spent in this place.
 E = Time spent auto-exploring this place.
 F = Levels seen in this place.
 G = Mean time per level.
                   A        B        C        D        E       F      G
               +--------+--------+--------+--------+--------+-----+--------+
         Total |   1455 |   1435 |     20 |      0 |   1252 |   2 |  727.5 |
       Dungeon |   1455 |   1435 |     20 |      0 |   1252 |   2 |  727.5 |
               +--------+--------+--------+--------+--------+-----+--------+

Top non-repeatable levels by time:
     D:1: 816 daAuts
     D:2: 639 daAuts
